 Dungeon Crawl Stone Soup version 0.31-a0-369-g8eba5f6939 (webtiles) character file.

Game seed: 9637894637374163360

21 gelatine the Ducker (level 2, 0/22 HPs)
             Began as a Demonspawn Gladiator on July 28, 2023.
             Slain by an adder (1 damage)
             ... on level 1 of the Dungeon.
             The game lasted 00:01:34 (1098 turns).

gelatine the Ducker (Demonspawn Gladiator)          Turns: 1098, Time: 00:01:34

Health: 0/22       AC:  3    Str: 14    XL:     2   Next: 62%
Magic:  2/2        EV: 10    Int:  9    God:
Gold:   0          SH:  7    Dex: 14    Spells: 1/1 levels left

rFire   . . .        a - +0 war axe
rCold   . . .        g - +0 kite shield
rNeg    . . .        b - +0 leather armour
rPois   .            (helmet restricted)
rElec   .            (no cloak)
rCorr   .            (no gloves)
SInv    .            (no boots)
Will    .....        (no amulet)
Stlth   +            (no ring)
HPRegen 0.23/turn    (no ring)
MPRegen 0.08/turn

%: no passive effects
@: no status effects
A: antennae 1
a: no special abilities


You were on level 1 of the Dungeon.
You visited 1 branch of the dungeon, and saw 2 of its levels.

Inventory:

Hand Weapons
 a - a +0 war axe (weapon)
Missiles
 d - 3 throwing nets
 e - a javelin
 h - 3 boomerangs (quivered)
Armour
 b - a +0 leather armour (worn)
 c - a +0 helmet
 g - a +0 kite shield (worn)
Scrolls
 f - a scroll of identify {unknown}
Potions
 i - a potion of enlightenment {unknown}


   Skills:
 * Level 2.1 Fighting
 * Level 3.0 Axes
 * Level 1.9 Throwing
 * Level 0.4 Armour
 * Level 3.0 Dodging
 + Level 0.2 Stealth


You had one spell level left.
You didn't know any spells.
Your spell library was empty.

Dungeon Overview and Level Annotations

Branches:
Dungeon (2/15)

Altars:

Shops:
D:1 *

Annotations:
D:2 Sigmund


Innate Abilities, Weirdness & Mutations

You have a pair of small antennae on your head.


Message History

There is a stone staircase leading down here.
You climb downwards.
Sigmund shouts!
The adder hisses angrily.
Found a scroll labelled TUASUN ZISYOLO and 3 gold pieces.
There is a stone staircase leading up here.
Sigmund casts a spell at you.
You are confused.
You see here a scroll labelled TUASUN ZISYOLO.
There is a stone staircase leading up here.
The hobgoblin hits you but does no damage.
Sigmund gestures at you while chanting. The magic dart hits you!
In your confused state, you trip and fall back down the stairs.
The adder barely misses you. The hobgoblin barely misses you.
The adder closely misses you. The hobgoblin closely misses you.
Sigmund hits you from afar with a +0 scythe!
* * * LOW HITPOINT WARNING * * *
You climb upwards.
There is a stone staircase leading down here.
You closely miss the hobgoblin. You miss the adder.
You feel less confused. You block the adder's attack.
The hobgoblin barely misses you. You block the adder's attack.
You barely miss the hobgoblin. You hit the adder but do no damage.
You block the adder's attack. You block the hobgoblin's attack.
The adder bites you but does no damage. You block the hobgoblin's attack.
You hit the hobgoblin.
The hobgoblin is heavily wounded.
You barely miss the adder. You block the adder's attack.
You block the hobgoblin's attack. The adder bites you but does no damage.
You closely miss the hobgoblin.
The hobgoblin is heavily wounded.
You barely miss the adder. The adder misses you. The hobgoblin hits you.
* * * LOW HITPOINT WARNING * * *
The adder barely misses you. You block the hobgoblin's attack.
Unknown command.
You barely miss the adder. You hit the hobgoblin.
You kill the hobgoblin!
The adder bites you.
You die...

###### #....# #....#
## #....#
.#########....####
..............∩†@#
.###############S# .#
#.# .# #.# .#
#####.####
.###########........#
...#................#
....................#
.#..............)...#


You could see an adder.

Vanquished Creatures
  2 ball pythons (D:1)
  An endoplasm (D:1)
  2 giant cockroaches (D:1)
  3 goblins (D:1)
  3 hobgoblins (D:1)
  2 quokkas (D:1)
  3 bats (D:1)
  A frilled lizard (D:1)
  A rat (D:1)
18 creatures vanquished.

Notes
Turn   | Place    | Note
-------+----------+-------------------------------------------
     0 | D:1      | gelatine the Demonspawn Gladiator began the quest for the
                  | Orb.
     0 | D:1      | Reached XP level 1. HP: 16/16 MP: 1/1
   236 | D:1      | Gained mutation: You have a pair of small antennae on your
                  | head. [demonic ancestry]
   236 | D:1      | Reached XP level 2. HP: 22/22 MP: 2/2
   286 | D:1      | Found a faded altar of an unknown god.
   522 | D:1      | Found Zakutt's Assorted Antiques.
  1087 | D:2      | Noticed Sigmund
  1097 | D:1      | HP: 1/22 [hobgoblin (4)]
  1098 | D:1      | Slain by an adder

Illustrated notes

Levels and vault maps discovered:
D:1:      nicolae_arrival_somewhat_less_tricky_arrival, layout_basic,
          serial_shops, shop, chequers_ecumenical_altar_grove,
          supply_closet_lemuel, st_stairs_4, minmay_pentomino_p2
D:2:      layout_loops_ring, uniq_sigmund

Skill      XL: |  1  2 |
---------------+-------+-----
Dodging        | 3 |  3.0
Axes           | 3 |  3.0
Fighting       | |  2.1
Throwing       | |  1.9
Armour         | |  0.4
Stealth        | |  0.2

Action                     || total
---------------------------++-------
  Melee: War axe           ||    47
 Armour: Leather armour    ||    12
  Dodge: Dodged            ||    35
  Block: Kite shield       ||    18

Table legend: (Time is in decaauts)
 A = Elapsed time spent in this place.
 B = Non-inter-level travel time spent in this place.
 C = Inter-level travel time spent in this place.
 D = Time resting spent in this place.
 E = Time spent auto-exploring this place.
 F = Levels seen in this place.
 G = Mean time per level.
                   A        B        C        D        E       F      G
               +--------+--------+--------+--------+--------+-----+--------+
         Total |   1120 |    945 |    175 |      0 |    791 |   2 |  560.0 |
       Dungeon |   1120 |    945 |    175 |      0 |    791 |   2 |  560.0 |
               +--------+--------+--------+--------+--------+-----+--------+

Top non-repeatable levels by time:
     D:1: 1115 daAuts
     D:2: 5 daAuts
